 Dungeon Crawl Stone Soup version 0.20.1-1-g8b1a95d (webtiles) character file.

17 potatolord6000 the Vexing (level 2, -1/14 HPs)
             Began as a Spriggan Arcane Marksman on Aug 22, 2017.
             Slain by a hobgoblin (3 damage)
             ... on level 1 of the Dungeon.
             The game lasted 00:05:01 (836 turns).

potatolord6000 the Vexing (Spriggan Arcane Marksman) Turns: 836, Time: 00:05:03

Health: -1/14      AC:  2    Str:  6    XL:     2   Next: 44%
Magic:  5/5        EV: 19    Int: 14    God:
Gold:   27         SH:  0    Dex: 16    Spells: 3/4 levels left

rFire    . . .     SeeInvis +   b - +0 dagger
rCold    . . .     Gourm    .   (shield restricted)
rNeg     . . .     Faith    .   e - +0 robe
rPois    .         Spirit   .   (helmet restricted)
rElec    .         Reflect  .   (no cloak)
rCorr    .         Harm     .   (gloves unavailable)
MR       .....                  (boots unavailable)
Stlth    +.........             (no amulet)
Regen    0.1/turn               i - -5 ring of slaying (curse)
MPRegen  0.1/turn               (no ring)

@: very quick
A: unfitting armour, horns 1, see invisible, herbivore 3, speed 3, slow
metabolism 2, subdued magic 1
a: no special abilities


You were on level 1 of the Dungeon.
You were not hungry.

You visited 1 branch of the dungeon, and saw 1 of its levels.

You collected 27 gold pieces.

Inventory:

Hand Weapons
 a - a +0 shortbow
 b - a +0 dagger (weapon)
Missiles
 d - 12 arrows
Armour
 e - a +0 robe (worn)
Jewellery
 i - a cursed -5 ring of slaying (left hand)
Potions
 g - a potion of agility {unknown}
Books
 c - a book of Debilitation

   Spells                             Type                      Level
   a - Corona                         Hexes                        1
   b - Slow                           Hexes                        2
   c - Inner Flame                    Hexes/Fire                   3
   d - Portal Projectile              Hexes/Translocation          3
   e - Cause Fear                     Hexes                        4
   f - Leda's Liquefaction            Hexes/Earth                  4
Comestibles
 f - a bread ration


   Skills:
 - Level 1.0 Fighting
 + Level 0.2 Short Blades
 + Level 2.7 Bows
 + Level 3.4 Dodging
 + Level 1.7 Spellcasting
 + Level 3.9 Hexes


You had 3 spell levels left.
You knew the following spells:

 Your Spells              Type           Power        Failure   Level  Hunger
a - Corona                Hex            #......      3%          1    ##.....


Dungeon Overview and Level Annotations

Branches:
Dungeon (1/15)

Altars:


Innate Abilities, Weirdness & Mutations

You are very small and have problems with some larger weapons.
You are too small for most types of armour.
You have supernaturally acute eyesight. (SInv)
You are a herbivore.
You cover ground extremely quickly.
You need consume almost no food.
You have a pair of small horns on your head.
Your spells are a little easier to cast, but a little less powerful.


Message History

The hobgoblin is moderately wounded.
The hobgoblin misses you.
You closely miss the hobgoblin.
The hobgoblin is moderately wounded.
The hobgoblin completely misses you.
You hit the hobgoblin. Your headbutt misses the hobgoblin.
The hobgoblin is heavily wounded.
The hobgoblin hits you.
* * * LOW HITPOINT WARNING * * *
You completely miss the hobgoblin. Your headbutt misses the hobgoblin.
The hobgoblin is heavily wounded.
The hobgoblin hits you but does no damage.
The hobgoblin barely misses you.
You hit the hobgoblin but do no damage.
You headbutt the hobgoblin, but do no damage.
The hobgoblin is heavily wounded.
The hobgoblin hits you with a club.
* * * LOW HITPOINT WARNING * * *
The hobgoblin hits you.
You die...

)...##...........# ..(..
÷...##.....###.####.[...
..........####.###.......#
.............#.#.........#
##.......................# #..
##.......................##.?.
..........##..................
.##.##.#####.#.gg.(............
# #.##.# ##....@..............
..#..# ##....(.............#
#..#.## #...................###
#..#.####....#................
#..#.#.[..........≈≈≈.≈≈≈...##
#..#.#..###......≈≈.....≈≈...##
#.......#.......≈≈..8..♣.≈≈....
#...##.##.#.>..≈≈.).......≈≈.#
##...........#..≈...(.(.....≈.##


You could see 2 hobgoblins.

Vanquished Creatures
  A leopard gecko (D:1)
  6 bats (D:1)
  A goblin (D:1)
  A hobgoblin (D:1)
  3 kobolds (D:1)
  4 rats (D:1)
16 creatures vanquished.

Notes
Turn   | Place    | Note
-------+----------+-------------------------------------------
     0 | D:1      | potatolord6000 the Spriggan Arcane Marksman began the quest for the Orb.
     0 | D:1      | Reached XP level 1. HP: 9/9 MP: 3/3
    25 | D:1      | Reached skill level 1 in Fighting
   412 | D:1      | Reached XP level 2. HP: 12/14 MP: 5/5
   793 | D:1      | Gained mutation: Your spells are a little easier to cast, but a little less powerful. [potion of mutation]
   793 | D:1      | Gained mutation: You have a pair of small horns on your head. [potion of mutation]
   836 | D:1      | Slain by a hobgoblin

Skill      XL: |  1 |
---------------+----+-----
Fighting       | 1 |  1.0
Short Blades   | |  0.2
Bows           | |  2.7
Dodging        | |  3.4
Spellcasting   | |  1.7
Hexes          | |  3.9

Action                   || total
-------------------------++-------
Melee: Dagger            ||    60
       Headbutt          ||     1
 Fire: Shortbow          ||    36
 Cast: Corona            ||     1
  Use: Scroll            ||     1
       Potion            ||     1
Armor: Robe              ||    16
Dodge: Dodged            ||    99
